 Dungeon Crawl Stone Soup version 0.28-a0-1143-gcf6077d4cc (webtiles) character file.

Game seed: 16531152619928730624

9 spaghetti the Cutter (level 2, -4/37 HPs)
             Began as a Djinni Berserker on Dec 14, 2021.
             Was a Follower of Trog.
             Splashed by a jelly's acid (5 damage)
             ... on level 2 of the Dungeon.
             The game lasted 00:00:39 (402 turns).

spaghetti the Cutter (Djinni Berserker)              Turns: 402, Time: 00:00:39

Health: -4/37      AC: -1    Str: 16    XL:     2   Next: 20%
Gold:   32         EV: 12    Int:  8    God:    Trog [*.....] SH:  0 Dex: 12

rFire   + + .      SeeInvis .   a - +0 short sword {short}
rCold   x . .      Faith    .   (no shield)
rNeg    . . .      Spirit   .   b - +0 animal skin
rPois   ∞          Reflect  .   (no helmet)
rElec   .          Harm     .   (no cloak)
rCorr   .          Rampage  .   (no gloves)
Will    .....                   (boots unavailable)
Stlth   ..........              (no amulet)
HPRegen 0.12/turn               (no ring)
MPRegen 0.00/turn               (no ring)

@: berserking, corroded, flying, very quick
A: sickness immunity, fire resistance 2, cold vulnerability 1, float, innate
caster, hp casting, extra vitality 1
a: Renounce Religion, Berserk


You were on level 2 of the Dungeon.
You worshipped Trog.
Trog was aware of your devotion.
You visited 1 branch of the dungeon, and saw 2 of its levels.

You collected 32 gold pieces.


Innate Abilities, Weirdness & Mutations

You are immune to sickness and miasma.
You are immune to poison.
Your flesh is very heat resistant. (rF++)
You are vulnerable to cold. (rC-)
You float through the air rather than walking.
You learn spells naturally, not from books.
Your magical power is your life essence.
You have superior vitality. (+4 HP)


   Skills:
 - Level 3.0 Fighting
 + Level 3.1 Short Blades
 - Level 2.0 Armour
 + Level 2.4 Dodging


You had one spell level left.
You didn't know any spells.
Your spell library was empty.

Inventory:

Hand Weapons
 a - a +0 short sword (weapon) {short}
Missiles
 d - 4 stones (quivered) {throwing}
Armour
 b - a +0 animal skin (worn)
Scrolls
 c - 2 scrolls of identify {unknown}
Potions
 e - a potion of curing {unknown}

Dungeon Overview and Level Annotations

Branches:
Dungeon (1/15)

Altars:

..#<...#.#....
#.#...........
###.#..........
#...........# ..
#.#.........#...
#....g.#........
#.##gg..........
#######.###J##.###.#..
..#.......##..@.#####..
..#.......##............
..#.......##..#########
..#.......##.........
#######.......#####..
##...........#.
#.#########.# #.# #.#


You could see a jelly and 3 gnolls.


Message History

You see here a +0 dagger {short}. 😕 HP[+15]
You now have 20 max hp (-10).
You regained 15 hp, and now have 17/20 hp.
You start resting. 😎 HP[+3]
Your hp is fully restored (20).
You see here a +0 dagger {short}.
There is a stone staircase leading down here.
You see here a quokka skeleton.
A sudden malevolence fills the Dungeon...
You are sucked into a shaft and drop 1 floor!
The shaft crumbles and collapses.
Unknown command.
A dart slug comes into view.
You hit the dart slug. You hit the dart slug but do no damage.
The dart slug completely misses you.
You hit the dart slug but do no damage. The dart slug launches a dart at you.
The slug dart misses you.
You hit the dart slug. You hit the dart slug. The dart slug barely misses you.
You hit the dart slug.
You kill the dart slug!
Trog accepts your kill.
Your Short Blades skill increases to level 3!
You have reached level 2! 😎 HP[+5]
You now have 25 max hp (+5).
Your hp is fully restored (25).
You now have 32 gold pieces (gained 10).
e - a lumpy ruby potion
Found a stone staircase leading up.
A jelly comes into view.
A ball python comes into view.
The ball python hisses angrily.
You hear a shout!
A gnoll comes into view. It is wielding a +0 spear.
You hear a shout! x2
The jelly quivers.
The jelly hits you. The acid corrodes you!
You are splashed with acid!
The gnoll misses you. 😮 HP[-12]
You take 12 damage, and now have 13/25 hp.
MASSIVE DAMAGE!! (PAUSE)
You aren't carrying any items that you can evoke.
Unknown command.
You hit the jelly.
Your hands burn!
* * * LOW HITPOINT WARNING * * *
The jelly hits you.
* * * LOW HITPOINT WARNING * * *
The acid corrodes you!
You are splashed with acid!
* * * LOW HITPOINT WARNING * * *
The gnoll hits you from afar with a +0 spear.
* * * LOW HITPOINT WARNING * * *
A gnoll comes into view. It is wielding a +0 spear. 😱 HP[-11]
You take 11 damage, and now have 2/25 hp.
MASSIVE DAMAGE!! (PAUSE) Unknown command.
A ball python and a gnoll come into view.
The gnoll shouts!
A red film seems to cover your vision as you go berserk!
You feel yourself moving faster!
You feel mighty! 😱 HP[+1]
You now have 37 max hp (+12).
Unknown command.
You hit the ball python.
You kill the ball python!
Trog accepts your kill. The ball python bites you.
* * * LOW HITPOINT WARNING * * *
The ball python closely misses you. 😱 HP[-1]
You take 1 damage, and now have 2/37 hp.
You closely miss the ball python. 😱 HP[+1] Unknown command.
You closely miss the ball python. The ball python barely misses you.
The ball python grabs you. The ball python constricts you.
You barely miss the ball python. The ball python barely misses you.
The ball python constricts you.
* * * LOW HITPOINT WARNING * * *
😱 HP[-1]
You take 1 damage, and now have 2/37 hp.
Unknown command.
You closely miss the ball python.
Unknown command.
You barely miss the ball python. The ball python barely misses you.
The ball python constricts you.
* * * LOW HITPOINT WARNING * * *
The gnoll closely misses you. 😱 HP[-1]
You take 1 damage, and now have 1/37 hp.
Unknown command.
You puncture the ball python!
You kill the ball python!
Trog accepts your kill.
Unknown command.
You hit the jelly.
Your hands burn!
You die...

Skill      XL: |  1 |
---------------+----+-----
Short Blades   | 3 |  3.1
Fighting       | |  3.0
Armour         | |  2.0
Dodging        | |  2.4

Action                   || total
-------------------------++-------
Melee: Short sword       ||    27
Invok: Berserk           ||     2
Armor: Animal skin       ||     1
Dodge: Dodged            ||    20

Levels and vault maps discovered:
D:1:      kennysheep_arrival_forest, layout_basic
D:2:      layout_basic, serial_co_window_serial, co_window_paths_b,
          co_window_paths_a, co_window_paths_b, co_window_of_opportunity_a,
          co_window_corner_a, co_window_unsneaky_path_e, co_window_paths_c,
          co_window_broadway_c, co_window_broadway_c, co_window_4corner_b,
          co_window_paths_d, glass_columns_a, glass_columns_b,
          minmay_randomly_rotated_circles, uniq_jessica

Notes
Turn   | Place    | Note
-------+----------+-------------------------------------------
     0 | D:1      | spaghetti the Djinni Berserker began the quest for the Orb.
     0 | D:1      | Reached XP level 1. HP: 20/20 MP: 0/0
     0 | D:1      | magus.rc [v1.9.6]
    51 | D:1      | HP: 3/20 [frozen (3)]
   351 | D:1      | You are sucked into a shaft and drop 1 floor!
   364 | D:2      | Reached skill level 3 in Short Blades
   364 | D:2      | Reached XP level 2. HP: 25/25 MP: 0/0
   386 | D:2      | HP: 3/25 [acid (7)]
   395 | D:2      | HP: 2/37 [ball python (1)]
   400 | D:2      | HP: 1/37 [constriction (1)]
   402 | D:2      | Splashed by a jelly's acid

Vanquished Creatures
  A dart slug (D:2)
  2 ball pythons (D:2)
  An endoplasm (D:1)
  A quokka (D:1)
  A kobold (D:1)
6 creatures vanquished.

Table legend:
 A = Non-vault XP
 B = Vault XP
 C = Vault XP percentage of total XP
 D = Non-vault monster count
 E = Vault monster count
 F = Vault count percentage of total count
                 A         B        C        D         E       F
            +---------+---------+-------+---------+---------+-------
      Total |      13 |       0 |   0.0 |       6 |       0 |   0.0
            +---------+---------+-------+---------+---------+-------
        D:1 |       5 |       0 |   0.0 |       3 |       0 |   0.0
        D:2 |       8 |       0 |   0.0 |       3 |       0 |   0.0
            +---------+---------+-------+---------+---------+-------

Illustrated notes

Table legend:
 A = Kills in this place as a percentage of kills in entire the game.
 B = Kills by you in this place as a percentage of kills by you in the entire game.
 C = Kills by friends in this place as a percentage of kills by friends in the entire game.
 D = Other kills in this place as a percentage of other kills in the entire game.
 E = Experience gained in this place as a percentage of experience gained in the entire game.
 F = Experience gained in this place divided by the number of levels of this place that you have seen.
                   A       B       C       D       E      F
               +-------+-------+-------+-------+-------+----------------------
         Total | 100.0 | 100.0 |   N/A |   N/A | 100.0 |   6.5
       Dungeon | 100.0 | 100.0 |   N/A |   N/A | 100.0 |   6.5
               +-------+-------+-------+-------+-------+----------------------

Table legend: (Time is in decaauts)
 A = Elapsed time spent in this place.
 B = Non-inter-level travel time spent in this place.
 C = Inter-level travel time spent in this place.
 D = Time resting spent in this place.
 E = Time spent auto-exploring this place.
 F = Levels seen in this place.
 G = Mean time per level.
                   A        B        C        D        E       F      G
               +--------+--------+--------+--------+--------+-----+--------+
         Total |    406 |    406 |      0 |    298 |     57 |   2 |  203.0 |
       Dungeon |    406 |    406 |      0 |    298 |     57 |   2 |  203.0 |
               +--------+--------+--------+--------+--------+-----+--------+

Top non-repeatable levels by time:
     D:1: 358 daAuts
     D:2: 47 daAuts
